 Dungeon Crawl Stone Soup version 0.31.0-32-g396128a36d (webtiles) character file.

Game seed: 9476104196610679960

479 Heoruswealwe the Magician (level 6, -3/32 HPs)
             Began as a Deep Elf Conjurer on Apr 4, 2024.
             Slain by a kobold brigand
             ... wielding a +0 short sword
              (5 damage)
             ... in a sewer.
             The game lasted 00:28:07 (2735 turns).

Heoruswealwe the Magician (Deep Elf Conjurer)       Turns: 2735, Time: 00:28:07

Health: -3/32      AC:  5    Str:  4    XL:     6   Next: 86%
Magic:  14/18      EV: 12    Int: 25    God:
Gold:   197        SH:  0    Dex: 13    Spells: 8/19 levels left

rFire   . . .        (no weapon)
rCold   . . .        (no shield)
rNeg    . . .        c - +0 robe
rPois   .            g - +0 helmet
rElec   .            h - +0 cloak
rCorr   .            (no gloves)
SInv    .            e - +0 pair of boots
Will    .....        i - amulet of magic regeneration
Stlth   ++           k - ring of wizardry
HPRegen 0.25/turn    (no ring)
MPRegen 0.56/turn

%: wizardry (x1)
@: no status effects
A: no striking features
a: no special abilities


You were in a sewer.
You visited 1 branch of the dungeon, and saw 4 of its levels.
You also visited: Sewer.

You collected 197 gold pieces.

Inventory:

Armour
 c - a +0 robe (worn)
 d - a +0 robe
 e - a +0 pair of boots (worn)
 g - a +0 helmet (worn)
 h - a +0 cloak (worn)
 n - a +0 robe
 o - a +0 robe
 p - a +0 robe
 s - a +0 robe
Magical Staves
 m - a staff of death
Jewellery
 i - an amulet of magic regeneration (around neck)
 k - a ring of wizardry (left hand)
Scrolls
 a - 3 scrolls of immolation {unknown}
 l - a scroll of amnesia {unknown}
 q - a scroll of revelation {unknown}
 r - 2 scrolls of identify {unknown}
Potions
 b - 3 potions of magic
 f - a potion of lignification {unknown}
 j - 3 potions of cancellation {unknown}
 t - 2 potions of curing {unknown}
 u - a potion of haste {unknown}


   Skills:
 - Level 2.4 Dodging
 - Level 2.4 Stealth
 + Level 7.3 Spellcasting
 + Level 7.1 Conjurations


You had 8 spell levels left.
You knew the following spells:

 Your Spells              Type           Power      Damage    Failure   Level
a - Magic Dart            Conj           100%       1d8       1%          1
b - Searing Ray           Conj           88%        2d7       1%          2
c - Fulminant Prism       Conj/Alch      13%        3d8       6%          4
d - Iskenderun's Mystic   Conj/Tloc      27%        2d7       6%          4

Your spell library contained the following spells:

 Spells                   Type           Power      Damage    Failure   Level
 Summon Small Mammal      Summ           36%        N/A       2%          1
 Call Canine Familiar     Summ           9%         N/A       9%          3
 Summon Blazeheart Golem  Fire/Summ      9%         N/A       26%         4


Dungeon Overview and Level Annotations

Branches:
Dungeon (4/15)              Sewer (1/1)
 Temple: D:4-7

Altars:
Fedhas
Trog
Xom

Shops:
D:2 (


Message History

The kobold brigand hits you with a +0 short sword.
The kobold closely misses you. The kobold barely misses you.
The kobold brigand attacks as it pursues you!
The kobold brigand completely misses you.
The kobold brigand attacks as it pursues you!
The kobold brigand hits you with a +0 short sword.
Casting: Magic Dart (safe; 1% risk of failure)
Confirm with . or Enter, or press ? or * to list all spells.
Aiming: Magic Dart (safe; 1% risk of failure)
Press: ? - help, Shift-Dir - straight line, f/p - kobold brigand
Aim: a kobold brigand, wielding a +0 short sword and quivering poisoned darts (heavily wounded, 100% to hit)
Okay, then.
Casting: Magic Dart (safe; 1% risk of failure)
Confirm with . or Enter, or press ? or * to list all spells.
Aiming: Searing Ray (safe; 1% risk of failure)
Press: ? - help, Shift-Dir - straight line, f/p - kobold brigand
Aim: a kobold brigand, wielding a +0 short sword and quivering poisoned darts (heavily wounded, 77% to hit)
The searing ray misses the kobold brigand.
The searing ray misses the kobold. (Press . to maintain the ray.)
The kobold brigand hits you with a +0 short sword.
The kobold hits you with a +0 whip.
* * * LOW HITPOINT WARNING * * *
The searing ray hits the kobold brigand.
The kobold brigand is severely wounded.
The searing ray hits the kobold.
You kill the kobold!
The kobold brigand hits you with a +0 short sword.
* * * LOW HITPOINT WARNING * * *
The kobold hits you with a +0 whip.
* * * LOW HITPOINT WARNING * * *
The searing ray hits the kobold brigand.
The kobold brigand is severely wounded.
The kobold brigand misses you. The kobold barely misses you.
The searing ray hits the kobold brigand.
The kobold brigand is almost dead.
You finish channelling your searing ray.
The kobold brigand hits you with a +0 short sword.
You die...

#......~≈≈≈≈..###..#
..#...~~≈≈≈~~.###..#
.###..~~≈≈≈≈....#..#
∩###...~≈≈≈≈.......#
###..†~~≈≈≈≈......##
##..†.~≈≈≈≈#....##
#....~≈≈≈≈≈##...#
##..†.~~≈≈≈†≈##..#
#††..~.≈≈≈≈≈~##.@##
#.....≈≈≈≈≈≈~#.KK.#
#.....≈≈≈≈≈≈≈...).##
##...~≈≈≈≈≈≈≈~.....#
#...~≈≈≈≈≈≈~~~..†.#
#....~≈≈≈≈≈≈~≈....#
##..~~≈≈≈≈≈≈≈~~.).#
###'###≈≈≈≈≈≈###'##
#.....#≈≈≈≈≈≈# ...


You could see a kobold brigand and a kobold.

Vanquished Creatures
  Menkaure (D:4)
  A phantom (D:4)
  An iguana (D:4)
  2 orc wizards (D:3)
  3 gnolls (D:2)
  5 adders
  2 river rats (Sewer)
  2 dart slugs
  2 ribbon worms
  6 orcs
  11 ball pythons
  3 endoplasms
  4 giant cockroaches
  9 goblins
  8 hobgoblins
  10 kobolds
  4 quokkas
  5 bats
  4 frilled lizards
  28 rats
111 creatures vanquished.

Notes
Turn   | Place    | Note
-------+----------+-------------------------------------------
     0 | D:1      | Heoruswealwe the Deep Elf Conjurer began the quest for the
                  | Orb.
     0 | D:1      | Reached XP level 1. HP: 10/10 MP: 6/6
   186 | D:1      | Reached XP level 2. HP: 15/15 MP: 0/8
   189 | D:1      | Learned a level 2 spell: Searing Ray
   569 | D:2      | Reached XP level 3. HP: 19/19 MP: 5/10
   574 | D:2      | Reached skill level 5 in Conjurations
   922 | D:2      | Found Muinukku's Antique Weapon Shoppe.
  1233 | D:2      | Found a bloodstained altar of Trog.
  1443 | D:3      | Found a faded altar of an unknown god.
  1449 | D:3      | Reached XP level 4. HP: 24/24 MP: 9/12
  1459 | D:3      | Reached skill level 5 in Spellcasting
  1637 | D:3      | Learned a level 4 spell: Fulminant Prism
  1642 | D:3      | Learned a level 4 spell: Iskenderun's Mystic Blast
  1750 | D:3      | Reached XP level 5. HP: 27/28 MP: 11/14
  1891 | D:3      | Identified the +4 orcbow "Poudaige" {heavy, rCorr}
  2193 | D:4      | Found a shimmering altar of Xom.
  2245 | D:4      | Found a blossoming altar of Fedhas.
  2272 | D:4      | Found a shimmering altar of Xom.
  2273 | D:4      | Found a shimmering altar of Xom.
  2273 | D:4      | Found a shimmering altar of Xom.
  2274 | D:4      | Found a shimmering altar of Xom.
  2366 | D:4      | Noticed a phantom
  2376 | D:4      | Killed a phantom
  2419 | D:4      | Noticed Menkaure
  2425 | D:4      | Killed Menkaure
  2426 | D:4      | Reached XP level 6. HP: 21/32 MP: 11/17
  2459 | D:4      | Found a glowing drain.
  2463 | Sewer    | Entered a sewer
  2735 | Sewer    | Slain by a kobold brigand

Illustrated notes

Levels and vault maps discovered:
D:1:      heliophobic_arrival_dark_side_of_the_moon, layout_rooms
D:2:      layout_loops_corners, basic_altar, serial_shops,
          nicolae_shop_tiny_statue_garden
D:3:      layout_loops_cross, chequers_ecumenical_altar_island, st_stairs_6,
          dreamdust_mushroom_princess
D:4:      layout_rooms, kennysheep_little_box, grunt_gozag_statues,
          mainiacjoe_overflow_24_doors, xom_redecorated, gup_sewer_entry_bowl,
          serial_park_tiny_1, uniq_menkaure
Sewer:    sewer_minmay_treatment

Skill      XL: |  1  2  3  4  5  6 |
---------------+-------------------+-----
Spellcasting   | 4 5 6 7 |  7.3
Conjurations   | 5 6 7 |  7.1
Dodging        | |  2.4
Stealth        | |  2.4

Action                     |  1- 3 |  4- 6 || total
---------------------------+-------+-------++-------
  Melee: Unarmed           |     1 |    18 ||    19
   Cast: Magic Dart        |    62 |   116 ||   178
         Searing Ray       |     3 |    13 ||    16
 Armour: Robe              |     8 |    29 ||    37
  Dodge: Dodged            |     8 |    36 ||    44
